 Dungeon Crawl Stone Soup version 0.18.1-50-g88ac8fd (webtiles) character file.

586 Jerry the Agent of Entropy (level 7, -2/52 HPs)
             Began as a Demonspawn Abyssal Knight on Oct 4, 2016.
             Was a Priest of Lugonu.
             Slain by a gnoll
             ... wielding a +0 halberd
              (8 damage)
             ... on level 5 of the Dungeon.
             The game lasted 00:24:48 (5355 turns).

Jerry the Agent of Entropy (DsAK)                   Turns: 5355, Time: 00:24:49

Health: -2/52      AC: 11    Str: 15    XL:     7   Next: 15%
Magic:  20/20      EV: 11    Int: 13    God:    Lugonu [***...]
Gold:   217        SH:  0    Dex: 12    Spells: 0 memorised, 6 levels left

rFire  . . .     SeeInvis .     y - +2 flail (protect)
rCold  . . .     Gourm    .     b - +0 leather armour
rNeg   . . .     Faith    .     (no shield)
rPois  .         Spirit   .     (no helmet)
rElec  .         Dismiss  .     n - +0 cloak
rCorr  .         Reflect  .     l - +1 pair of gloves
SustAt .         Harm     +     (no boots)
MR     .....                    e - amulet of harm
Stlth  ++........               (no ring)
                                d - ring of magical power

@: not resistant to hostile enchantments, unstealthy
A: claws 1, nightstalker 1, powered by pain 2
a: Depart the Abyss, Bend Space, Banish, Renounce Religion


You were on level 5 of the Dungeon.
You worshipped Lugonu.
Lugonu was most pleased with you.
You were not hungry.

You visited 1 branch of the dungeon, and saw 5 of its levels.
You visited the Abyss 1 time.

You collected 370 gold pieces.

Inventory:

Hand Weapons
 a - a +2 mace
 i - a +0 hunting sling of evasion
 q - a +4 quarterstaff of chaos
 y - a +2 flail of protection (weapon)
Missiles
 o - 145 sling bullets
Armour
 b - a +0 leather armour (worn)
 l - a +1 pair of gloves (worn)
 n - a +0 cloak (worn)
 v - a +0 ring mail
 C - a +0 buckler
Jewellery
 d - a ring of magical power (left hand)
 e - an amulet of harm (around neck)
Wands
 k - a wand of flame (20/48)
 z - a wand of lightning (4/15)
Scrolls
 r - 6 scrolls of identify
 u - a scroll of recharging
 w - 2 scrolls of magic mapping
 A - a scroll of random uselessness {unknown}
 B - 3 scrolls of immolation {unknown}
Potions
 h - a potion of heal wounds
 j - a potion of cure mutation
 m - a potion of mutation {unknown}
 s - a potion of magic {unknown}
 t - a potion of flight
 D - a potion of curing {unknown}
Books
 x - a book of Ice

   Spells                             Type                      Level
   a - Ice Form                       Ice/Transmutation            4
   b - Metabolic Englaciation         Hexes/Ice                    5
   c - Ozocubu's Refrigeration        Ice                          6
   d - Bolt of Cold                   Conjuration/Ice              6
   e - Freezing Cloud                 Conjuration/Ice/Air          6
   f - Simulacrum                     Ice/Necromancy               6
Miscellaneous
 p - a plain deck of wonders {drawn: 2}
Comestibles
 c - 4 bread rations
 f - 2 slices of pizza
 g - 3 meat rations
 E - 3 chunks of flesh


   Skills:
 - Level 3.0 Fighting
 - Level 3.8 Maces & Flails
 - Level 3.6 Armour
 - Level 0.8 Dodging
 * Level 2.7 Shields
 - Level 6.3 Invocations


You had 6 spell levels left.
You didn't know any spells.

Dungeon Overview and Level Annotations

Branches:
Dungeon (5/15)
 Temple: D:4-7

Altars:
Nemelex Xobeh
Trog
Xom
Zin
The Shining One


Innate Abilities, Weirdness & Mutations

You have sharp fingernails.
You are slightly more attuned to the shadows.
You sometimes gain power by taking damage.


Message History

Lugonu accepts your kill.
Ubotopoq constricts the gnoll sergeant.
The gnoll hits you but does no damage.
The gnoll sergeant hits you with a trident.
Ubotopoq completely misses the gnoll sergeant.
Ubotopoq constricts the gnoll sergeant.
The gnoll sergeant blocks your attack.
The gnoll sergeant is almost dead.
The gnoll hits you with a halberd!
* * * LOW HITPOINT WARNING * * *
The gnoll sergeant hits you but does no damage.
Ubotopoq spits poison at the gnoll sergeant.
The gnoll sergeant blocks the splash of poison.
Ubotopoq constricts the gnoll sergeant.
The gnoll sergeant dies!
Lugonu accepts your kill.
Ubotopoq looks more experienced.
You closely miss the gnoll.
The gnoll is moderately wounded.
The gnoll hits you with a halberd!
You die...

#...............'..
#...............#.<
#........^......#..
#........(.######..
#.....)...(#.......
#..........#.......
#..........#.......
#..........#...##..
#.@N.......#...##'#
#.g)..######...##..
#....)# #........
#.(>..# #........
#...[.# #........
#.....# #....####
#.....# #....##..
#.....# #######..
#.....# #..


You could see a gnoll and the friendly Ubotopoq the naga.

Vanquished Creatures
  A centaur (D:5)
  A howler monkey (D:4)
  An orc priest (D:4)
  A centaur skeleton (D:4)
  Crazy Yiuf (D:3)
  2 hounds
  An iguana (D:4)
  A worker ant (D:5)
  Robin (D:2)
  3 gnolls (D:3)
  4 adders
  An adder skeleton (D:4)
  2 worms
  3 dart slugs (D:1)
  4 giant geckos
  10 orcs
  4 giant cockroaches
  16 goblins
  9 hobgoblins
  11 kobolds
  4 quokkas
  9 bats
  A giant cockroach zombie (D:4)
  3 giant newts (D:2)
  4 rats
98 creatures vanquished.

Vanquished Creatures (collateral kills)
  A gnoll sergeant (D:5)
  An iguana (D:5)
  A worker ant (D:5)
  2 gnolls (D:5)
  2 orcs (D:4)
7 creatures vanquished.

Grand Total: 105 creatures vanquished

Notes
Turn   | Place    | Note
--------------------------------------------------------------
     0 | Abyss:1  | Jerry the Demonspawn Abyssal Knight began the quest for the Orb.
     0 | Abyss:1  | Reached XP level 1. HP: 18/18 MP: 2/2
     8 | Abyss:1  | Found a deep blue altar of Sif Muna.
    46 | Abyss:1  | Noticed a hell hog
   129 | Abyss:1  | Noticed a thrashing horror
   130 | D:1      | Escaped the Abyss
   184 | D:1      | Reached skill level 3 in Invocations
   199 | D:1      | Reached * piety under Lugonu
   283 | D:1      | Gained mutation: You are slightly more attuned to the shadows. [demonic ancestry]
   283 | D:1      | Reached XP level 2. HP: 24/24 MP: 4/4
   731 | D:1      | Reached XP level 3. HP: 26/29 MP: 5/5
  1152 | D:2      | Reached skill level 4 in Invocations
  1161 | D:2      | Found a glowing golden altar of the Shining One.
  1280 | D:2      | Noticed Robin
  1436 | D:2      | Reached ** piety under Lugonu
  1814 | D:2      | Killed Robin
  1814 | D:2      | Gained mutation: You sometimes gain a little power by taking damage. [demonic ancestry]
  1814 | D:2      | Reached XP level 4. HP: 9/35 MP: 7/7
  2286 | D:2      | Found a bloodstained altar of Trog.
  2670 | D:3      | Found a glowing silver altar of Zin.
  3003 | D:3      | You fall through a shaft for 2 floors!
  3003 | D:5      | Entered Level 5 of the Dungeon
  3228 | D:4      | Reached skill level 5 in Invocations
  3228 | D:4      | Gained mutation: You sometimes gain power by taking damage. [demonic ancestry]
  3228 | D:4      | Reached XP level 5. HP: 32/41 MP: 8/8
  3703 | D:3      | Noticed Crazy Yiuf
  3707 | D:3      | Killed Crazy Yiuf
  3771 | D:3      | Noticed an ogre
  4028 | D:4      | Found a sparkling altar of Nemelex Xobeh.
  4156 | D:4      | Hired Ubotopoq the naga for 153 gold.
  4177 | D:4      | Reached *** piety under Lugonu
  4181 | D:4      | Reached XP level 6. HP: 31/47 MP: 10/10
  4333 | D:4      | Found a shimmering altar of Xom.
  4571 | D:4      | Reached skill level 6 in Invocations
  5181 | D:5      | Reached skill level 1 in Shields
  5324 | D:5      | Gained mutation: You have sharp fingernails. [demonic ancestry]
  5324 | D:5      | Reached XP level 7. HP: 51/52 MP: 11/11
  5355 | D:5      | Slain by a gnoll

Skill      XL: |  1  2  3  4  5  6 |
---------------+-------------------+-----
Invocations    | 3 4 5 6 |  6.3
Maces & Flails | 2 3 |  3.8
Armour         | 2 3 |  3.6
Shields        | 2 |  2.7
Fighting       | |  3.0
Dodging        | |  0.8

Action                   |  1- 3 |  4- 6 |  7- 9 || total
-------------------------+-------+-------+-------++-------
Melee: Mace              |    63 |    13 |       ||    76
       Short sword       |   143 |   152 |       ||   295
       Quarterstaff      |       |    27 |       ||    27
       Flail             |       |    38 |     9 ||    47
 Fire: Hunting sling     |    13 |    18 |     2 ||    33
Invok: Depart the Abyss  |     1 |       |       ||     1
       Bend Space        |       |       |     1 ||     1
Evoke: Deck              |       |     2 |       ||     2
  Use: Scroll            |     5 |     2 |       ||     7
       Potion            |     4 |     1 |       ||     5
 Stab: Sleeping          |     2 |     5 |       ||     7
  Eat: Chunk             |     3 |    12 |     1 ||    16
Armor: Leather armour    |    77 |    85 |     8 ||   170
       Skin              |    19 |       |       ||    19
Dodge: Dodged            |   100 |   159 |     7 ||   266
